[Event "Titled Tuesday Blitz June 27 Late 2023"]
[White "Gulamali, Kazim"]
[Black "Yanchenko, Roman"]
[WhiteFideId "2024764"]
[BlackFideId "4137329"]
[WhiteElo "2428"]
[BlackElo "2758"]
[Result "0-1"]
[Round "1"]
[TimeControl "180+2"]
[Date "2023.06.27"]
[WhiteClock "0:00:26"]
[BlackClock "0:00:09"]
[Board "70"]

1. e4 e6 2. d4 d5 3. Nc3 Bb4 4. e5 Ne7 5. Bd2 b6 6. Qg4 O-O 7. h4 Kh8 8. h5 h6 9. Rh3 Ba6 10. Bxa6 Nxa6 11. Qe2 Nb8 12. g4 c5 13. Nb5 Bxd2+ 14. Qxd2 cxd4 15. Nxd4 Nbc6 16. Ngf3 Rc8 17. g5 Nxd4 18. Nxd4 hxg5 19. Qxg5 Nc6 20. Qxd8 Rfxd8 21. Nxc6 Rxc6 22. O-O-O Rc4 23. Rf3 Rd7 24. Rg1 Rdc7 25. c3 d4 26. Rfg3 dxc3 27. b3 Re4 28. Rxg7 Re1+ 29. Kc2 Re2+ 30. Kd3 Rxe5 31. Rg8+ Kh7 32. R8g7+ Kh6 33. Rg8 Rd5+ 34. Kc2 f5 35. R8g6+ Kh7 36. h6 Rd2+ 37. Kb1 Rb2+ 38. Ka1 Rxf2 39. Rxe6 c2 40. Rc1 f4 41. Kb2 f3 42. Rf6 b5 43. b4 Re7 44. Rxc2 Ree2 45. Rxe2 fxe2 46. Kb3 Rxf6 0-1


[Site "https://www.chess.com"]

[Event "Titled Tuesday Blitz June 27 Late 2023"]
[White "Trost, Edvin"]
[Black "KorolDimitriy75"]
[WhiteFideId "1729519"]
[WhiteElo "2757"]
[BlackElo "2427"]
[Result "1-0"]
[Round "1"]
[TimeControl "180+2"]
[Date "2023.06.27"]
[WhiteClock "0:00:06"]
[BlackClock "0:00:02"]
[Board "71"]

1. d4 Nf6 2. Nf3 g6 3. c4 c5 4. d5 b5 5. cxb5 a6 6. bxa6 Bxa6 7. Nc3 d6 8. g3 Bg7 9. Bg2 O-O 10. Rb1 Nbd7 11. O-O Qa5 12. Qc2 Rfb8 13. b3 Ng4 14. Bb2 Nge5 15. Nd2 Nb6 16. Rfe1 Ra7 17. a3 Rab7 18. b4 cxb4 19. Nb3 Bd3 20. exd3 Qa6 21. axb4 Nxd3 22. b5 Nxe1 23. bxa6 Nxc2 24. axb7 Nc4 25. Bf1 N2a3 26. Bxa3 Nxa3 27. Rc1 Rxb7 28. Na5 Rb2 29. Nc6 Bf6 30. Ne4 Kg7 31. Nxf6 Kxf6 32. Re1 Rd2 33. Re3 Nc2 34. Rf3+ Kg7 35. Nxe7 Rd1 36. Rd3 Re1 37. Nc8 Rc1 38. Rc3 Kf6 39. Nxd6 Ke5 40. Nb5 Ke4 41. Na3 Ra1 42. Nxc2 Kxd5 43. Ne3+ Kd4 44. Rc4+ Ke5 45. Rc5+ Kf6 46. Rc6+ Kg7 47. Kg2 h5 48. h4 Ra7 49. Be2 Re7 50. Bf3 Rd7 51. Rb6 Re7 52. Rb7 Re6 53. Bd5 Rf6 54. Rxf7+ Rxf7 55. Bxf7 Kxf7 56. Kf3 Kf6 57. Kf4 1-0


[Site "https://www.chess.com"]

[Event "Titled Tuesday Blitz June 27 Late 2023"]
[White "Rangel, Daniel"]
[Black "Khripachenko, Alexander"]
[WhiteFideId "2124475"]
[BlackFideId "54184975"]
[WhiteElo "2426"]
[BlackElo "2756"]
[Result "0-1"]
[Round "1"]
[TimeControl "180+2"]
[Date "2023.06.27"]
[WhiteClock "0:00:04"]
[BlackClock "0:00:11"]
[Board "72"]

1. c4 e5 2. g3 Nf6 3. Bg2 c6 4. Nf3 e4 5. Nd4 d5 6. cxd5 Qxd5 7. Nc2 Be7 8. d3 Qe6 9. O-O O-O 10. d4 Rd8 11. Nc3 c5 12. Bg5 cxd4 13. Nxd4 Qb6 14. Bxf6 Bxf6 15. e3 Bxd4 16. exd4 Rxd4 17. Qc2 f5 18. Nb5 Qxb5 19. Qxc8+ Kf7 20. Rac1 Nc6 21. Qxa8 Rd8 22. Qxd8 Nxd8 23. Rc7+ Kf6 24. Rd1 Ne6 25. Rc2 Qe5 26. Rcd2 e3 27. fxe3 Qxe3+ 28. Kf1 h5 29. Re2 Qb6 30. Red2 h4 31. Rd6 Qb5+ 32. Kg1 hxg3 33. hxg3 g6 34. Kh1 Ke7 35. R6d2 Qe5 36. Bf3 Kf6 37. Bxb7 Qxg3 38. Bg2 Qh4+ 39. Kg1 Nf4 40. Rd6+ Kg5 41. R6d2 Qg3 42. Kf1 Qe3 43. b3 Nh5 44. Rf2 Ng3+ 45. Kg1 f4 46. Rf1 Kh4 47. Kh2 g5 48. Rf3 Qe5 49. R1f2 Kh5 50. Kg1 Nf5 51. Kh2 Nh4 52. Rh3 f3+ 53. Kg1 fxg2 54. Rxg2 Qe1+ 55. Kh2 g4 56. Rhg3 Nxg2 57. Rxg2 Kh4 58. a4 g3+ 59. Rxg3 Qxg3+ 60. Kh1 Kh3 61. b4 Qg2# 0-1


[Site "https://www.chess.com"]

[Event "Titled Tuesday Blitz June 27 Late 2023"]
[White "Aradhya, Garg"]
[Black "Hoffmann, Asa"]
[WhiteFideId "25006746"]
[BlackFideId "2001470"]
[WhiteElo "2755"]
[BlackElo "2423"]
[Result "1-0"]
[Round "1"]
[TimeControl "180+2"]
[Date "2023.06.27"]
[WhiteClock "0:00:22"]
[BlackClock "0:00:34"]
[Board "73"]

1. d4 Nf6 2. c4 c5 3. d5 e5 4. Nc3 d6 5. Nf3 Be7 6. g3 O-O 7. Bg2 Ne8 8. e4 f5 9. exf5 Bxf5 10. O-O Qd7 11. Qe2 h6 12. b3 a6 13. a4 Bh3 14. a5 Bxg2 15. Kxg2 Qf5 16. Qe4 Qf7 17. Nh4 Nd7 18. Ng6 Nef6 19. Qf5 Rfe8 20. f4 Nh7 21. fxe5 Qxf5 22. Rxf5 Nxe5 23. Nxe5 dxe5 24. Ne4 Bf6 25. Be3 Rad8 26. Bxc5 Ng5 27. Re1 Nxe4 28. Rxe4 Rd7 29. h4 Rc8 30. Bb6 Kh7 31. h5 Re8 32. Rf3 Rc8 33. Kh3 Re8 34. Kg4 Rc8 35. Rd3 Re8 36. c5 Rc8 37. Rc4 Kg8 38. Kf5 Kf7 39. Ke4 g6 40. hxg6+ Kxg6 41. c6 bxc6 42. dxc6 Rg7 43. c7 Kh5 44. Kf3 Rcg8 45. g4+ Kh4 46. Bf2+ Kh3 47. Ke2+ Kg2 48. Rg3+ Kh2 49. c8=Q Rxc8 50. Rxc8 e4 51. Re3 Rxg4 52. Rc4 Bg5 53. Rexe4 Rg2 54. Rh4+ Bxh4 55. Rxh4# 1-0


[Site "https://www.chess.com"]

[Event "Titled Tuesday Blitz June 27 Late 2023"]
[White "Karthik, Advaith"]
[Black "Nazari, Arad"]
[WhiteFideId "30946050"]
[BlackFideId "12577324"]
[WhiteElo "2423"]
[BlackElo "2754"]
[Result "1-0"]
[Round "1"]
[TimeControl "180+2"]
[Date "2023.06.27"]
[WhiteClock "0:00:55"]
[BlackClock "0:00:17"]
[Board "74"]

1. d4 Nf6 2. c4 g6 3. Nc3 d5 4. Nf3 Bg7 5. Bg5 Ne4 6. cxd5 Nxg5 7. Nxg5 e6 8. Qd2 exd5 9. Qe3+ Kf8 10. Qf4 Bf6 11. h4 h6 12. Nf3 Kg7 13. e3 Bf5 14. g4 Be6 15. Rg1 Nd7 16. Bd3 g5 17. Qg3 c5 18. Nb5 Qa5+ 19. Nc3 Rac8 20. Ne5 cxd4 21. exd4 Rxc3 22. bxc3 Qxc3+ 23. Ke2 Nxe5 24. dxe5 Bxe5 25. Qe3 Bf4 26. Qxa7 Qd2+ 27. Kf3 Qxd3+ 28. Kg2 Qh3+ 29. Kxh3 h5 30. Qd4+ f6 31. Rae1 Bxg4+ 32. Rxg4 hxg4+ 33. Kxg4 Rxh4+ 34. Kf3 Rh3+ 35. Ke2 Ra3 36. Qxd5 b5 37. Kf1 b4 38. Re7+ Kg6 39. Qe4+ Kh5 40. Rh7+ Kg4 41. Qe6+ f5 42. Qe2+ Rf3 43. Kg2 1-0


[Site "https://www.chess.com"]

[Event "Titled Tuesday Blitz June 27 Late 2023"]
[White "Fier, Alexandr"]
[Black "Ai, Evan"]
[WhiteFideId "2107139"]
[BlackFideId "2094770"]
[WhiteElo "2750"]
[BlackElo "2419"]
[Result "1-0"]
[Round "1"]
[TimeControl "180+2"]
[Date "2023.06.27"]
[WhiteClock "0:01:52"]
[BlackClock "0:00:28"]
[Board "75"]

1. e4 e5 2. f4 d5 3. exd5 Qxd5 4. fxe5 Qxe5+ 5. Be2 Bg4 6. d4 Qe6 7. Nf3 Bxf3 8. gxf3 Bd6 9. Nc3 Ne7 10. Bg5 h6 11. Bh4 Nf5 12. Bf2 c6 13. Qd3 Na6 14. O-O-O Nb4 15. Qe4 Nd5 16. Nxd5 cxd5 17. Bb5+ Kf8 18. Qxe6 fxe6 19. Rde1 Kf7 20. Bd7 Rad8 21. Bxe6+ Kf6 22. Bxf5 Kxf5 23. Bg3 Bf4+ 24. Kd1 Rhe8 25. Rxe8 Rxe8 26. Re1 Rxe1+ 27. Kxe1 Be3 28. Bf2 Bf4 29. h3 g5 30. Ke2 h5 31. b3 Bd6 32. c4 dxc4 33. bxc4 b6 34. c5 bxc5 35. dxc5 Bc7 36. c6 a6 37. Be3 g4 38. fxg4+ hxg4 39. h4 g3 40. Kf3 Ke6 41. h5 Kd5 42. h6 Be5 43. Bf4 Bxf4 44. h7 g2 45. Kxg2 Kxc6 46. h8=Q Kb5 47. Qe8+ Kb6 48. Qe6+ Kb7 49. Qd7+ Bc7 50. Kf3 Kb6 51. Ke4 a5 52. Kd5 Bf4 53. a4 1-0


[Site "https://www.chess.com"]

[Event "Titled Tuesday Blitz June 27 Late 2023"]
[White "i_like_explosions"]
[Black "Santos Ruiz, Miguel"]
[BlackFideId "22291482"]
[WhiteElo "2418"]
[BlackElo "2747"]
[Result "0-1"]
[Round "1"]
[TimeControl "180+2"]
[Date "2023.06.27"]
[WhiteClock "0:00:03"]
[BlackClock "0:00:10"]
[Board "76"]

1. d4 Nf6 2. Bg5 c5 3. d5 d6 4. c4 h6 5. Bxf6 exf6 6. Nc3 g6 7. Nf3 f5 8. e3 Bg7 9. Be2 O-O 10. O-O Re8 11. Qc2 Nd7 12. Rab1 Nf6 13. a3 Ne4 14. Nxe4 fxe4 15. Nd2 Bf5 16. b4 b6 17. bxc5 dxc5 18. a4 Be5 19. Rfd1 h5 20. Nf1 h4 21. Rd2 a5 22. Qd1 Qd6 23. Bg4 Bxg4 24. Qxg4 Bf6 25. Ra2 Bd8 26. Rd1 f5 27. Qe2 Bc7 28. g3 Re7 29. Kg2 Rf8 30. f4 exf3+ 31. Qxf3 Rfe8 32. Rc2 Re4 33. gxh4 Rxh4 34. Ng3 Ree4 35. Rdc1 Reg4 36. Qf2 Rxh2+ 37. Kxh2 Qf6 38. Rg1 Qh4+ 39. Kg2 Bxg3 40. Qf3 Qh2+ 41. Kf1 Qxc2 42. Rxg3 Qxc4+ 43. Kg2 Qc2+ 44. Kh3 Rxg3+ 45. Kxg3 Kf7 46. Qf4 Qe4 47. Qxe4 fxe4 48. Kf4 g5+ 49. Kxe4 g4 50. Kf4 c4 51. e4 c3 52. Ke3 g3 53. e5 g2 54. Kf2 c2 55. Kxg2 c1=Q 56. Kf3 Qd2 57. Ke4 Qb4+ 58. Kf5 Qb1+ 59. Kf4 Qd3 60. d6 Ke6 0-1


[Site "https://www.chess.com"]

[Event "Titled Tuesday Blitz June 27 Late 2023"]
[White "Matinian, Nikita"]
[Black "Ladan, Nicholas"]
[WhiteFideId "24129100"]
[BlackFideId "30918855"]
[WhiteElo "2745"]
[BlackElo "2415"]
[Result "1-0"]
[Round "1"]
[TimeControl "180+2"]
[Date "2023.06.27"]
[WhiteClock "0:01:11"]
[BlackClock "0:00:03"]
[Board "77"]

1. e4 e5 2. Nf3 Nc6 3. Bb5 a6 4. Ba4 Bc5 5. c3 Nge7 6. d4 exd4 7. cxd4 Bb4+ 8. Bd2 Bxd2+ 9. Nbxd2 d5 10. e5 O-O 11. O-O f6 12. h3 fxe5 13. dxe5 Ng6 14. Re1 Nf4 15. Bxc6 bxc6 16. Nf1 Rb8 17. b3 Qe8 18. Ng3 Qf7 19. Rc1 Rb6 20. Re3 h6 21. Qd2 a5 22. Qxa5 Ra6 23. Qd2 Qg6 24. e6 Nxe6 25. Ne5 Qf6 26. Nxc6 d4 27. Rf3 Nf4 28. Rxf4 Qxf4 29. Ne7+ Kh8 30. Qxf4 Rxf4 31. Nxc8 Rxa2 32. f3 d3 33. Ne7 d2 34. Rd1 Rd4 35. Ng6+ Kh7 36. Ne5 Rc2 37. Kf2 Rc1 38. Ke2 Rxd1 39. Kxd1 Rd5 40. f4 Rb5 41. Kxd2 Rxb3 42. Ne2 Rb4 43. Nd3 Ra4 44. g4 g5 45. f5 Kg7 46. Ke3 Ra3 47. Nd4 Kf6 48. Ke4 Ra4 49. Nc5 Ra1 50. Nd7+ Ke7 51. Ne5 Re1+ 52. Kd5 Rh1 53. Ndc6+ Kf6 54. Nd7+ Kf7 55. Nce5+ Ke8 56. f6 Rxh3 57. f7+ Ke7 58. f8=Q# 1-0


[Site "https://www.chess.com"]

[Event "Titled Tuesday Blitz June 27 Late 2023"]
[White "Nunez V, Gustavo Eduardo"]
[Black "Bryakin, Mikhail"]
[WhiteFideId "4403690"]
[BlackFideId "4165314"]
[WhiteElo "2414"]
[BlackElo "2745"]
[Result "0-1"]
[Round "1"]
[TimeControl "180+2"]
[Date "2023.06.27"]
[WhiteClock "0:01:22"]
[BlackClock "0:00:03"]
[Board "78"]

1. e4 Nf6 2. Nc3 d5 3. exd5 Nxd5 4. Bc4 Nb6 5. Bb3 Nc6 6. Nf3 Bf5 7. g4 Bg6 8. h4 h5 9. Ng5 Nd4 10. d3 Nxb3 11. axb3 Qd7 12. Qf3 c6 13. gxh5 Bxh5 14. Qg3 e6 15. Bf4 Nd5 16. Nce4 Nxf4 17. Qxf4 f6 18. Nf3 e5 19. Nxe5 fxe5 20. Qxe5+ Qe7 21. Qf5 g6 22. Qh3 Bg7 23. c3 O-O 24. Kd2 Rf3 25. Qg2 Rd8 26. Qxf3 Bxf3 27. Rhe1 Bxe4 28. Ra4 Rxd3+ 29. Kc1 Bh6+ 30. f4 Bxf4+ 31. Kb1 Re3+ 32. Ka2 Rxe1 33. Rxa7 Bb1+ 34. Ka1 Bf5+ 35. Ka2 Bb8 36. Ra8 Qc7 37. b4 b6 38. c4 Qb7 39. Ra3 c5 40. b5 Be6 41. Rc3 Qe4 42. Ka3 Qxh4 43. Re3 Rxe3+ 44. b3 Rxb3+ 45. Ka2 Qxc4 46. Ka1 g5 47. Ka2 g4 48. Ka1 g3 49. Ka2 g2 50. Ka1 Kg7 51. Ka2 Kg6 52. Ka1 Kg5 53. Ka2 Kg4 54. Ka1 Kg3 55. Ka2 Rxb5+ 56. Ka1 Rb1+ 57. Kxb1 Qc1+ 58. Kxc1 g1=Q+ 59. Kc2 Qe3 60. Kb2 Bh3 61. Kc2 Kg4 62. Kb2 Bh2 63. Kc2 Kf5 64. Kb2 Ke4 65. Kc2 b5 66. Kb2 b4 67. Kc2 c4 68. Kb2 Qe2+ 69. Kc1 c3 70. Kb1 b3 71. Kc1 Kd5 72. Kb1 Kc6 73. Kc1 Kb7 74. Kb1 Qb2# 0-1


[Site "https://www.chess.com"]

[Event "Titled Tuesday Blitz June 27 Late 2023"]
[White "Tiglon, Bryce"]
[Black "Dzierzak, Radoslaw"]
[WhiteFideId "2087456"]
[BlackFideId "1161407"]
[WhiteElo "2738"]
[BlackElo "2409"]
[Result "1-0"]
[Round "1"]
[TimeControl "180+2"]
[Date "2023.06.27"]
[WhiteClock "0:01:12"]
[BlackClock "0:00:03"]
[Board "79"]

1. Nf3 Nf6 2. e3 e6 3. d4 d5 4. b3 Be7 5. Bb2 O-O 6. Bd3 b6 7. Nbd2 Bb7 8. O-O Nbd7 9. Ne5 Nxe5 10. dxe5 Ne4 11. Nf3 f5 12. c4 Qe8 13. Nd4 Qg6 14. f3 Ng5 15. cxd5 Bxd5 16. Nb5 Rfc8 17. Rc1 c6 18. Nc3 Bc5 19. Qe2 Rd8 20. Kh1 Qh6 21. e4 fxe4 22. fxe4 Bxe4 23. Nxe4 Nxe4 24. Qxe4 g6 25. Qxc6 1-0


[Site "https://www.chess.com"]

[Event "Titled Tuesday Blitz June 27 Late 2023"]
[White "Bueno, Alfeu Junior Varela"]
[Black "Mahdavi, Reza"]
[WhiteFideId "2108879"]
[BlackFideId "12595926"]
[WhiteElo "2407"]
[BlackElo "2736"]
[Result "0-1"]
[Round "1"]
[TimeControl "180+2"]
[Date "2023.06.27"]
[WhiteClock "0:00:00"]
[BlackClock "0:00:20"]
[Board "80"]

1. e4 c5 2. Nc3 d6 3. f4 Nc6 4. Bb5 Bd7 5. Nf3 g6 6. O-O Bg7 7. Bxc6 Bxc6 8. f5 Bxc3 9. dxc3 Bxe4 10. Ng5 Nf6 11. Nxe4 Nxe4 12. fxg6 hxg6 13. Qd5 Nf6 14. Qxb7 Rh5 15. Bf4 Rf5 16. Rae1 e5 17. Bh6 Rb8 18. Qxa7 Rxb2 19. Rxf5 gxf5 20. Bg5 Kf8 21. Qa4 f4 22. Rd1 Qe8 23. Qa3 Rxc2 24. Bxf6 Qc6 0-1


[Site "https://www.chess.com"]

[Event "Titled Tuesday Blitz June 27 Late 2023"]
[White "Preotu, Razvan"]
[Black "Carrasco Miranda, Andres"]
[WhiteFideId "2613280"]
[BlackFideId "3405990"]
[WhiteElo "2734"]
[BlackElo "2407"]
[Result "1-0"]
[Round "1"]
[TimeControl "180+2"]
[Date "2023.06.27"]
[WhiteClock "0:00:46"]
[BlackClock "0:00:04"]
[Board "81"]

1. e4 e5 2. Nf3 Nc6 3. Bc4 Bc5 4. c3 Nf6 5. d3 d6 6. O-O O-O 7. Re1 h6 8. b4 Bb6 9. Nbd2 Be6 10. Bxe6 fxe6 11. Nc4 Ne7 12. a4 c6 13. Nxb6 axb6 14. h3 Ng6 15. Be3 d5 16. Bd2 dxe4 17. dxe4 Qd3 18. Qb3 Nxe4 19. Qxe6+ Kh7 20. Qxg6+ Kxg6 21. Nxe5+ Kh7 22. Nxd3 Nxd2 23. Re7 Ra7 24. Ne5 Rf6 25. Rd1 Nb3 26. Rdd7 Rxa4 27. Rxg7+ Kh8 28. Rh7+ Kg8 29. Rdg7+ Kf8 30. Nd7+ 1-0


[Site "https://www.chess.com"]

[Event "Titled Tuesday Blitz June 27 Late 2023"]
[White "Vega Gutierrez, Sabrina"]
[Black "Daggupati, Balaji"]
[WhiteFideId "2219026"]
[BlackFideId "2090759"]
[WhiteElo "2407"]
[BlackElo "2732"]
[Result "0-1"]
[Round "1"]
[TimeControl "180+2"]
[Date "2023.06.27"]
[WhiteClock "0:00:00"]
[BlackClock "0:01:27"]
[Board "82"]

1. e4 c5 2. Nf3 e6 3. d4 cxd4 4. Nxd4 Nf6 5. Nc3 Nc6 6. Nxc6 bxc6 7. e5 Nd5 8. Ne4 Qc7 9. f4 Qb6 10. c4 Ne3 11. Qd3 Nf5 12. Be2 Bb7 13. g4 Nd4 14. b3 c5 15. Be3 O-O-O 16. Bxd4 cxd4 17. O-O-O d5 18. exd6 Bxd6 19. Nxd6+ Qxd6 20. Rhf1 g6 21. Kb1 f6 22. Bf3 Qb4 23. Bxb7+ Qxb7 24. Rfe1 Rhe8 25. Qe4 Qb4 26. Rd3 Kb8 27. Red1 e5 28. fxe5 fxe5 29. Rf1 Qe7 30. Rff3 Rf8 31. Rxf8 Rxf8 32. Rf3 Rxf3 33. Qxf3 e4 34. Qf4+ Kb7 35. Kc2 e3 36. Kd3 Qd7 37. Qe4+ Kb6 38. h3 Qd6 39. Ke2 Kc5 40. Kd3 Kb4 41. Qb7+ Ka3 42. Qxa7+ Kb2 43. c5 Qh2 44. Qg7 Qd2+ 45. Kc4 e2 0-1


[Site "https://www.chess.com"]

[Event "Titled Tuesday Blitz June 27 Late 2023"]
[White "Troff, Kayden"]
[Black "Szyszylo, Rafal"]
[WhiteFideId "2047896"]
[BlackFideId "1109626"]
[WhiteElo "2731"]
[BlackElo "2405"]
[Result "1-0"]
[Round "1"]
[TimeControl "180+2"]
[Date "2023.06.27"]
[WhiteClock "0:00:48"]
[BlackClock "0:00:19"]
[Board "83"]

1. d4 g6 2. Nf3 d6 3. Bg5 Bg7 4. e3 Nf6 5. Nbd2 O-O 6. Bc4 d5 7. Bd3 Nc6 8. c3 e5 9. dxe5 Nxe5 10. Nxe5 Re8 11. Nef3 h6 12. Bh4 g5 13. Bg3 Nh5 14. O-O c5 15. Ne1 Nxg3 16. hxg3 Qf6 17. Nef3 Be6 18. Qa4 a6 19. Rad1 b5 20. Qa5 Reb8 21. e4 c4 22. Bc2 Qe7 23. exd5 Bxd5 24. Rfe1 Qb7 25. Be4 Bxe4 26. Nxe4 Re8 27. Nd6 Rxe1+ 28. Rxe1 Qd7 29. Qb6 Rd8 30. Ne4 Re8 31. Nf6+ Bxf6 32. Rxe8+ Qxe8 33. Qxf6 g4 34. Nd4 Qe1+ 35. Kh2 Qd1 36. Nf5 Kf8 37. Qh8# 1-0


[Site "https://www.chess.com"]

[Event "Titled Tuesday Blitz June 27 Late 2023"]
[White "Mujumdar, Sameer"]
[Black "Pakleza, Zbigniew"]
[WhiteFideId "2029707"]
[BlackFideId "1119290"]
[WhiteElo "2405"]
[BlackElo "2729"]
[Result "1-0"]
[Round "1"]
[TimeControl "180+2"]
[Date "2023.06.27"]
[WhiteClock "0:00:05"]
[BlackClock "0:00:00"]
[Board "84"]

1. d4 d6 2. Nf3 Bg4 3. e3 Nf6 4. Be2 Nbd7 5. O-O e5 6. b3 c6 7. Bb2 e4 8. Nfd2 Bxe2 9. Qxe2 d5 10. c4 Bd6 11. Ba3 Bxa3 12. Nxa3 Qa5 13. Nc2 O-O 14. Rfc1 h6 15. a3 Rfc8 16. c5 Nf8 17. Qe1 Qc7 18. b4 Ng4 19. Nf1 f5 20. h3 Nf6 21. a4 Ne6 22. b5 f4 23. Nb4 f3 24. Ng3 fxg2 25. Kxg2 Ng5 26. Qe2 Qd7 27. Rh1 Rf8 28. Rab1 Nf3 29. a5 a6 30. bxc6 bxc6 31. Nxa6 Nh7 32. h4 Rf6 33. Nb8 Qf7 34. a6 Nf8 35. Rb7 Qg6 36. a7 Kh7 37. Na6 Ne6 38. Nc7 Nxc7 39. Rxc7 Qg4 40. Qb2 Nxh4+ 41. Rxh4 Qxh4 42. Rxg7+ Kxg7 43. Qb7+ Rf7 44. Qxa8 Qg4 45. Qb8 Qf3+ 46. Kh3 Qxf2 47. a8=Q Qf3 48. Qe5+ 1-0


[Site "https://www.chess.com"]

[Event "Titled Tuesday Blitz June 27 Late 2023"]
[White "Fernandez, Daniel"]
[Black "Gatterer, Florian"]
[WhiteFideId "2015390"]
[BlackFideId "811688"]
[WhiteElo "2729"]
[BlackElo "2404"]
[Result "1/2-1/2"]
[Round "1"]
[TimeControl "180+2"]
[Date "2023.06.27"]
[WhiteClock "0:00:04"]
[BlackClock "0:00:11"]
[Board "85"]

1. Nf3 d6 2. c4 Nf6 3. Nc3 g6 4. g3 Bg7 5. Bg2 O-O 6. O-O c5 7. d4 Nc6 8. dxc5 dxc5 9. Bf4 Be6 10. b3 Nh5 11. Qxd8 Raxd8 12. Rac1 Nxf4 13. gxf4 Rd7 14. Ng5 Bxc3 15. Nxe6 fxe6 16. Bxc6 bxc6 17. Rxc3 Rd2 18. e3 Rfd8 19. a3 Rb2 20. Kg2 Rdd2 21. b4 cxb4 22. axb4 Rxb4 23. Ra3 Rxc4 24. Rxa7 Kf7 25. Kf3 Rcc2 26. h4 Kf6 27. Ra8 Kf7 28. Rh8 Kg7 29. Re8 Kf7 30. Rc8 Kg7 31. h5 gxh5 32. Rg1+ Kf7 33. Rg2 Rd5 34. Rh8 Ra2 35. Rxh7+ Ke8 36. Rgg7 Ra7 37. Rg8+ Kd7 38. Rxe7+ Kxe7 39. Rg7+ Kf6 40. Rxa7 Rd2 41. Rc7 Rc2 42. Kg3 Kg6 43. f3 c5 44. e4 c4 45. Rc6 Kf7 46. Kh4 Rc3 47. Kg5 Ke7 48. e5 Kd7 49. Rd6+ Ke7 50. f5 exf5 51. f4 h4 52. Kxh4 Rc1 53. Kg5 c3 54. Rc6 c2 55. Kxf5 Kd7 56. Rc4 Ke7 57. Rc7+ Kd8 58. Rc5 Kd7 59. Kf6 Rf1 60. e6+ Kd6 61. Rxc2 Rxf4+ 62. Kg5 Re4 63. Kf5 Re5+ 64. Kf4 Rxe6 65. Rc3 Ke7 66. Re3 Rxe3 67. Kxe3 1/2-1/2


[Site "https://www.chess.com"]

[Event "Titled Tuesday Blitz June 27 Late 2023"]
[White "dodoucb"]
[Black "Ghazarian, Kirk"]
[BlackFideId "30908604"]
[WhiteElo "2403"]
[BlackElo "2726"]
[Result "0-1"]
[Round "1"]
[TimeControl "180+2"]
[Date "2023.06.27"]
[WhiteClock "0:00:00"]
[BlackClock "0:00:04"]
[Board "86"]

1. d4 d5 2. c4 e6 3. Nc3 a6 4. e4 dxe4 5. Nxe4 Bb4+ 6. Nc3 c5 7. Be3 cxd4 8. Bxd4 Nf6 9. a3 Be7 10. Nf3 Nc6 11. Be3 O-O 12. Be2 Ng4 13. Bf4 Qb6 14. O-O Qxb2 15. Na4 Qf6 16. Bg5 Qg6 17. Nb6 Bxg5 18. Nxg5 Qxg5 19. Nxa8 Rd8 20. Qb3 Nd4 21. Qd1 Nf3+ 22. Bxf3 Rxd1 23. Raxd1 Ne5 24. Be4 Qe7 25. Nb6 Bd7 26. Nxd7 Nxd7 27. Bxb7 Nc5 28. Bf3 g6 29. Rb1 Kg7 30. Rfd1 h5 31. h3 h4 32. Rb6 Qf6 33. Rc6 Qe5 34. Rc8 a5 35. Rb1 Nd3 36. Rf1 Qd4 37. Rc7 Ne5 38. Rc8 Nxf3+ 39. gxf3 Qc3 40. Kg2 Qxa3 41. c5 Qc3 42. c6 a4 43. c7 a3 44. Ra8 Qxc7 45. Rxa3 Qf4 46. Re3 Qg5+ 47. Kh2 Qf5 48. Kg2 Kf6 49. Kh2 Qg5 50. Rg1 Qc5 51. Rg4 Qh5 52. Kg2 g5 53. Rc4 Qh7 54. Rc7 Qf5 55. Re4 Kg6 56. Rg4 Qe5 57. Rcc4 Qd5 58. Rgd4 Qb7 59. Rb4 Qa8 60. Ra4 Qe8 61. Ra7 f6 62. Rdd7 e5 63. Rg7+ Kf5 64. Rgf7 Qe6 65. Rfe7 Qd5 66. Red7 Qc4 67. Re7 Qc5 68. Rac7 Qb4 69. Rb7 Qd4 70. Rbd7 Qa4 71. Ra7 Qb4 72. Rab7 Qa3 73. Ra7 Qc1 74. Rac7 Qb1 75. Rf7 e4 76. fxe4+ Qxe4+ 77. Kh2 Qf3 78. Rc2 Qf4+ 79. Kg1 g4 80. Rc5+ Kg6 81. Rf8 gxh3 82. Rg8+ Kf7 83. Rgc8 Qf3 0-1


[Site "https://www.chess.com"]

[Event "Titled Tuesday Blitz June 27 Late 2023"]
[White "Wieczorek, Oskar"]
[Black "Arnold, Ken"]
[WhiteFideId "1133950"]
[BlackFideId "2056836"]
[WhiteElo "2722"]
[BlackElo "2400"]
[Result "1-0"]
[Round "1"]
[TimeControl "180+2"]
[Date "2023.06.27"]
[WhiteClock "0:02:27"]
[BlackClock "0:01:47"]
[Board "87"]

1. e4 c5 2. Nf3 d6 3. d4 cxd4 4. Nxd4 Nf6 5. Nc3 a6 6. h4 h5 7. Bg5 e5 8. Nb3 Be6 9. Bxf6 Qxf6 10. Be2 g6 11. Nd5 Bxd5 12. Qxd5 Nc6 13. c3 Bh6 14. Rd1 Rd8 15. g3 O-O 16. O-O Rd7 17. Nc5 Rc7 18. Qxd6 Qxd6 19. Rxd6 Na5 20. Nd7 1-0


[Site "https://www.chess.com"]

[Event "Titled Tuesday Blitz June 27 Late 2023"]
[White "Pinto, Daniel"]
[Black "Hambleton, Aman"]
[WhiteFideId "3303144"]
[BlackFideId "2606577"]
[WhiteElo "2398"]
[BlackElo "2721"]
[Result "1/2-1/2"]
[Round "1"]
[TimeControl "180+2"]
[Date "2023.06.27"]
[WhiteClock "0:00:07"]
[BlackClock "0:00:02"]
[Board "88"]

1. e4 d5 2. exd5 Qxd5 3. Nc3 Qe5+ 4. Qe2 Qxe2+ 5. Bxe2 c6 6. Nf3 Bf5 7. d3 h6 8. O-O e6 9. Nd4 Bg6 10. Bf3 Bd6 11. Re1 Nf6 12. Ndb5 Kd7 13. Nxd6 Kxd6 14. Bf4+ Ke7 15. b4 Bh5 16. Be4 Na6 17. Rab1 Rhd8 18. a4 Rac8 19. Be3 b6 20. h3 Nxe4 21. Nxe4 Bg6 22. Nd2 c5 23. bxc5 Nxc5 24. a5 bxa5 25. Nc4 a4 26. Ra1 Rd7 27. Bxc5+ Rxc5 28. Rxa4 Rdc7 29. Rea1 e5 30. Rxa7 e4 31. Rxc7+ Rxc7 32. Re1 Kf8 33. Ne5 exd3 34. Nxg6+ fxg6 35. cxd3 Rc2 36. Rd1 Ke7 37. d4 Kd6 38. d5 Rc5 39. g3 Rxd5 40. Ra1 Ke6 41. Kg2 Rd6 42. Ra4 g5 43. Ra5 Kf6 44. Ra4 Rc6 45. Ra5 Rb6 46. Ra4 Kg6 47. Ra5 Rc6 48. Ra4 h5 49. Ra5 Rd6 50. Ra4 Rd5 51. Ra6+ Kf5 52. Ra3 g4 53. hxg4+ Kxg4 54. Ra4+ Kg5 55. Rh4 g6 56. Ra4 Rc5 57. Ra3 Rb5 58. Rf3 Ra5 59. Re3 Rb5 60. Rd3 Re5 61. Ra3 Rf5 62. Rb3 Rc5 63. Ra3 Rb5 64. Rc3 Kf5 65. Rd3 g5 66. Rd8 Rb2 67. Rf8+ Kg6 68. Ra8 Rb6 69. Ra5 Rf6 70. Ra4 Re6 71. Ra5 Rd6 72. Ra4 Rb6 73. Ra5 Rf6 74. Ra4 g4 75. Ra5 Re6 76. Ra4 Re5 77. Ra6+ Kg5 78. Ra8 Rb5 79. Rg8+ Kh6 80. Rh8+ Kg6 81. Rg8+ Kf7 82. Rh8 Kg7 83. Ra8 Rc5 84. Ra7+ Kg6 85. Ra6+ Kg5 86. Ra4 h4 87. gxh4+ Kxh4 88. f3 Rc2+ 89. Kf1 Kg3 90. fxg4 Kf3 91. Ke1 Rg2 92. Ra3+ Kxg4 93. Ra4+ Kf3 94. Ra3+ Ke4 95. Ra4+ Ke3 96. Ra3+ Kd4 97. Ra4+ Kc3 98. Ra3+ Kb4 99. Rd3 Kc4 100. Rd2 Rxd2 101. Kxd2 1/2-1/2


[Site "https://www.chess.com"]

[Event "Titled Tuesday Blitz June 27 Late 2023"]
[White "Lorparizangeneh, Shahin"]
[Black "Romero Ruscalleda, Josep"]
[WhiteFideId "12521604"]
[BlackFideId "2231859"]
[WhiteElo "2718"]
[BlackElo "2391"]
[Result "1-0"]
[Round "1"]
[TimeControl "180+2"]
[Date "2023.06.27"]
[WhiteClock "0:01:09"]
[BlackClock "0:00:12"]
[Board "89"]

1. e4 g6 2. d4 Bg7 3. Nf3 d6 4. Bc4 Nf6 5. Qe2 O-O 6. O-O c6 7. e5 dxe5 8. dxe5 Nd5 9. h3 Be6 10. Rd1 Qc8 11. Ng5 Nc7 12. Nxe6 Nxe6 13. Nd2 b5 14. Bb3 Nd4 15. Qe4 Nxb3 16. Nxb3 Nd7 17. e6 Nf6 18. exf7+ Rxf7 19. Qe2 Nd5 20. Nc5 Qf5 21. Ne6 Be5 22. Nd4 Bxd4 23. Rxd4 Raf8 24. Bh6 Re8 25. Re4 e5 26. Re1 Rfe7 27. Bd2 Kf7 28. b3 Re6 29. c4 bxc4 30. bxc4 Nf4 31. Qf3 h5 32. h4 R8e7 33. g3 Nh3+ 34. Kg2 Qxf3+ 35. Kxf3 Rf6+ 36. Kg2 Nxf2 37. Rxe5 Rxe5 38. Rxe5 Ng4 39. Re2 Rd6 40. Bg5 Rd7 41. Kf3 Rd3+ 42. Kg2 Rc3 43. Re7+ Kf8 44. Rxa7 Rxc4 45. a4 Rc2+ 46. Kf3 Ra2 47. a5 c5 48. Ke4 c4 49. Kd4 Ra4 50. a6 Nf2 51. Ra8+ Kg7 52. a7 c3+ 53. Kxc3 Ne4+ 54. Kb3 Ra6 55. Be3 Nd6 56. Rb8 1-0


[Site "https://www.chess.com"]